 Dungeon Crawl Stone Soup version 0.29-a0-334-gb41bcbb86e (webtiles) character file.

Game seed: 13647804005558816558

62 Jortsu the Skirmisher (level 4, -1/40 HPs)
             Began as a Hill Orc Fighter on Apr 14, 2022.
             Slain by Natasha (8 damage)
             ... on level 2 of the Dungeon.
             The game lasted 00:01:27 (1171 turns).

Jortsu the Skirmisher (Hill Orc Fighter)            Turns: 1171, Time: 00:01:27

Health: -1/40      AC:  9    Str: 20    XL:     4   Next: 8%
Magic:  4/4        EV:  9    Int:  8    God:
Gold:   35         SH:  4    Dex: 10    Spells: 3/3 levels left

rFire   . . .      SeeInvis .   a - +1 war axe
rCold   . . .      Faith    .   c - +0 buckler
rNeg    . . .      Spirit   .   b - +0 scale mail
rPois   .          Reflect  .   h - +2 hat
rElec   .          Harm     .   (no cloak)
rCorr   .          Rampage  .   (no gloves)
Will    .....                   (no boots)
Stlth   ..........              (no amulet)
HPRegen 0.13/turn               (no ring)
MPRegen 0.09/turn               (no ring)

@: no status effects
A: no striking features
a: no special abilities


You were on level 2 of the Dungeon.
You visited 1 branch of the dungeon, and saw 2 of its levels.

You collected 35 gold pieces.

Inventory:

Hand Weapons
 a - a +1 war axe (weapon)
Armour
 b - a +0 scale mail (worn)
 c - a +0 buckler (worn)
 h - a +2 hat (worn)
Jewellery
 f - a ring of magical power
Scrolls
 e - a scroll of enchant weapon
 g - a scroll of torment {unknown}
 i - a scroll of identify
Potions
 d - a potion of might


   Skills:
 + Level 4.2 Fighting
 + Level 3.8 Axes
 + Level 3.9 Armour
 + Level 0.3 Dodging
 + Level 3.6 Shields


You had 3 spell levels left.
You didn't know any spells.
Your spell library was empty.

Dungeon Overview and Level Annotations

Branches:
Dungeon (2/15)

Altars:

Annotations:
D:2 Natasha


Message History

You miss the frilled lizard. The frilled lizard barely misses you.
The frilled lizard closely misses you.
You completely miss the frilled lizard. The frilled lizard misses you.
The frilled lizard bites you but does no damage.
You miss the frilled lizard.
You feel yourself speed up. The frilled lizard barely misses you.
You block the frilled lizard's attack.
You closely miss the frilled lizard. The frilled lizard bites you.
* * * LOW HITPOINT WARNING * * *
Natasha, Servant of Life and Death comes into view.
Natasha hisses angrily.
You slash the frilled lizard!
You kill the frilled lizard!
Natasha stares at you and mumbles some strange words.
You feel yourself slow down.
Natasha mumbles some strange words.
Natasha casts a spell.
The shadow imp gestures at you. Pain shoots through your body!
* * * LOW HITPOINT WARNING * * *
The shadow imp shouts, "Slither home, thou pottle-deep crook-pated snake-molt!"
Natasha mumbles some strange words.
You feel troubled.
The shadow imp disappears in a puff of smoke!
You feel yourself speed up. Natasha attacks as you move away!
Natasha claws you but does no damage.
Natasha mumbles some strange words.
The crimson imp attacks as you move away!
The crimson imp barely misses you.
The crimson imp blinks!
Natasha claws you but does no damage.
You slash Natasha!
Natasha is severely wounded.
Natasha claws you but does no damage.
You barely miss Natasha.
Natasha is severely wounded.
Natasha barely misses you.
You hit Natasha.
Natasha is severely wounded.
You block Natasha's attack. Natasha claws you!
You die...

#.......# .... #.......#.....
#####.....##.....
##..........#...#
#..##.......(.#
..###.###........## #
................## .#
###.#..##†..#.#####.#
#@5..#..........#
#h##............# .# .. #S
#.####..........# .# #.. ...
#.# ####....##.# .
.....####.####.#########..##.##
#.
.#..............h.5...........
#.
..##..#.####.#########†..####
##.........# #.# #....#
##...#.....## ##.# #.#.[..#


You could see Natasha and a crimson imp (summoned).

Vanquished Creatures
  Natasha (D:2)
  2 dart slugs (D:1)
  3 bats (D:1)
  An endoplasm (D:2)
  2 giant cockroaches (D:1)
  7 hobgoblins
  2 jackals (D:1)
  2 quokkas (D:1)
  3 ball pythons
  3 frilled lizards
  3 kobolds (D:1)
  2 rats (D:1)
31 creatures vanquished.

Vanquished Creatures (others)
  3 plants (D:1)
3 creatures vanquished.

Grand Total: 34 creatures vanquished

Notes
Turn   | Place    | Note
-------+----------+-------------------------------------------
     0 | D:1      | Jortsu the Hill Orc Fighter began the quest for the Orb.
     0 | D:1      | Reached XP level 1. HP: 19/19 MP: 1/1
   250 | D:1      | Reached XP level 2. HP: 21/27 MP: 2/2
   331 | D:1      | Reached skill level 4 in Fighting
   411 | D:1      | Reached XP level 3. HP: 9/33 MP: 3/3
  1036 | D:1      | Found a faded altar of an unknown god.
  1140 | D:2      | Noticed Natasha
  1147 | D:2      | Killed Natasha
  1148 | D:2      | Reached XP level 4. HP: 10/40 MP: 4/4
  1151 | D:2      | Noticed Natasha
  1171 | D:2      | Slain by Natasha

Illustrated notes

Levels and vault maps discovered:
D:1:      amcnicky_arrival_underground_garden, layout_rooms,
          dilly_ecumenical_altar_fadedgnrine, lemuel_old_faithful
D:2:      layout_rooms, uniq_natasha, uniq_sigmund

Skill      XL: |  1  2 |
---------------+-------+-----
Fighting       | 4 |  4.2
Axes           | 3 |  3.8
Armour         | |  3.9
Dodging        | |  0.3
Shields        | |  3.6

Action                   |  1- 3 |  4- 6 || total
-------------------------+-------+-------++-------
Melee: War axe           |    70 |     8 ||    78
  Use: Scroll            |     3 |       ||     3
Armor: Scale mail        |    46 |     4 ||    50
Dodge: Dodged            |    45 |     6 ||    51
Block: Buckler           |    28 |     2 ||    30

Table legend: (Time is in decaauts)
 A = Elapsed time spent in this place.
 B = Non-inter-level travel time spent in this place.
 C = Inter-level travel time spent in this place.
 D = Time resting spent in this place.
 E = Time spent auto-exploring this place.
 F = Levels seen in this place.
 G = Mean time per level.
                   A        B        C        D        E       F      G
               +--------+--------+--------+--------+--------+-----+--------+
         Total |   1213 |   1187 |     26 |    376 |    549 |   2 |  606.5 |
       Dungeon |   1213 |   1187 |     26 |    376 |    549 |   2 |  606.5 |
               +--------+--------+--------+--------+--------+-----+--------+

Top non-repeatable levels by time:
     D:1: 1099 daAuts
     D:2: 114 daAuts
